 Dungeon Crawl Stone Soup version 0.31.0-32-g396128a36d (webtiles) character file.

Game seed: 6517467635168081347

231 firemarshallily the Chopper (level 5, -10/42 HPs)
             Began as a Demonspawn Gladiator on Mar 31, 2024.
             Killed by nerve-wracking pain
             ... invoked by a shadow imp
             ... summoned by Eustachio
              (12 damage)
             ... on level 4 of the Dungeon.
             The game lasted 00:07:18 (2695 turns).

firemarshallily the Chopper (Demonspawn Gladiator)  Turns: 2695, Time: 00:07:19

Health: -10/42     AC: 13    Str: 14 (16) XL:     5   Next: 72%
Magic:  5/5        EV: 11    Int:  6 (9)  God:
Gold:   216        SH:  0    Dex: 14      Spells: 4/4 levels left

rFire   + . .        a - +0 war axe
rCold   + . .        (no shield)
rNeg    . . .        p - +0 ring mail
rPois   .            c - +1 helmet
rElec   .            s - scarf {rC+ rF+}
rCorr   .            (no gloves)
SInv    .            (no boots)
Will    .....        (no amulet)
Stlth   +            w - +4 ring of protection
HPRegen 0.27/turn    (no ring)
MPRegen 0.09/turn

%: no passive effects
@: no status effects
A: slimy green scales 1, powered by death 1, powered by pain 1
a: no special abilities


You were on level 4 of the Dungeon.
You visited 1 branch of the dungeon, and saw 4 of its levels.

You collected 216 gold pieces.

Inventory:

Hand Weapons
 a - a +0 war axe (weapon)
Missiles
 d - 5 throwing nets
 u - 6 boomerangs (quivered)
Armour
 b - a +0 leather armour
 c - a +1 helmet (worn)
 p - a +0 ring mail (worn)
 s - a scarf of resistance (worn)
Jewellery
 w - a +4 ring of protection (left hand)
Scrolls
 f - 2 scrolls of teleportation {unknown}
 h - a scroll of enchant armour
 i - a scroll of amnesia {unknown}
 j - 2 scrolls of vulnerability {unknown}
 k - 3 scrolls of identify {unknown}
 l - a scroll of torment
 o - a scroll of noise {unknown}
 q - 2 scrolls of butterflies {unknown}
 r - a scroll of blinking {unknown}
 t - a scroll of revelation {unknown}
Potions
 m - 2 potions of degeneration
 v - a potion of brilliance


   Skills:
 * Level 4.1 Fighting
 * Level 4.2 Axes
 - Level 1.7 Throwing
 + Level 2.0 Armour
 - Level 2.6 Dodging


You had 4 spell levels left.
You didn't know any spells.
Your spell library contained the following spells:

 Spells                   Type           Power      Damage    Failure   Level
 Apportation              Tloc           0%         N/A       69%         1
 Jinxbite                 Hex            0%         N/A       83%         2
 Scorch                   Fire           0%         2d5       83%         2
 Brom's Barrelling Bould  Conj/Erth      0%         2d3       100%        4
 Flame Wave               Conj/Fire      0%         2d4       100%        4
 Alistair's Intoxication  Alch           0%         N/A       100%        5
 Fireball                 Conj/Fire      0%         3d3       100%        5
 Iskenderun's Battlesphe  Conj           0%         2d6       100%        5
 Conjure Ball Lightning   Conj/Air       0%         3x3d6     100%        6
 Summon Cactus Giant      Summ           0%         N/A       100%        6
 Orb of Destruction       Conj           0%         9d5       100%        7
 Discord                  Hex            0%         N/A       100%        8
 Disjunction              Tloc           0%         N/A       100%        8


Dungeon Overview and Level Annotations

Branches:
Dungeon (4/15)
 Temple: D:4-7

Altars:
Cheibriados

Annotations:
D:3 2 runed translucent doors, booth's ghost, weakling DrAE
D:4 Eustachio


Innate Abilities, Weirdness & Mutations

You are partially covered in slimy green scales. (AC +2)
You regenerate a little health from kills.
You sometimes gain a little power by taking damage.


Message History

The shadow imp hits you but does no damage.
Eustachio says, "Summoning is fun!"
Eustachio gestures wildly while chanting.
The river rat barely misses you.
The river rat bites you but does no damage.
The iron imp barely misses you.
Throw: 3 javelins
Press: ? - help, Shift-Dir - straight line, f - Eustachio
Aim: Eustachio, wielding a +0 falchion and wearing a +0 leather armour (almost dead, 46% to hit)
You throw a javelin.
The javelin pierces through the river rat.
You kill the river rat!
The river rat's corpse disappears in a puff of smoke!
The javelin closely misses Eustachio.
The river rat barely misses you. The iron imp completely misses you.
The shadow imp gestures at you. Pain shoots through your body!
* * * LOW HITPOINT WARNING * * *
The shadow imp misses you. The river rat barely misses you.
Throw: 2 javelins
Press: ? - help, Shift-Dir - straight line, f/p - Eustachio
Aim: Eustachio, wielding a +0 falchion and wearing a +0 leather armour (almost dead, 46% to hit)
You throw a javelin. The javelin barely misses the bat.
The javelin barely misses Eustachio.
The bat misses you. The shadow imp gestures at you.
Pain shoots through your body!
* * * LOW HITPOINT WARNING * * *
The shadow imp hits you.
* * * LOW HITPOINT WARNING * * *
The iron imp closely misses you.
The river rat bites you but does no damage.
Throw: javelin
Press: ? - help, Shift-Dir - straight line, f/p - Eustachio
Aim: Eustachio, wielding a +0 falchion and wearing a +0 leather armour (almost dead, 46% to hit)
You throw a javelin. The javelin misses Eustachio.
The bat hits you but does no damage. The shadow imp gestures at you.
Pain shoots through your body!
You die...

#..........(.(
#.............
#............#
##...........#
..........@..#
............>#
.......r.....##
.....b.@5.....#
.......55.....#
######+####+#..


You could see Eustachio, an iron imp (summoned), a river rat (summoned), 2
shadow imps and a bat (summoned).

Vanquished Creatures
  2 hounds (D:3)
  4 adders
  5 gnolls (D:3)
  A ribbon worm (D:2)
  2 orcs (D:3)
  6 ball pythons
  5 endoplasms
  2 giant cockroaches (D:3)
  14 hobgoblins
  A jackal (D:2)
  9 kobolds
  6 quokkas
  7 bats
  7 frilled lizards
  9 goblins
  6 rats
86 creatures vanquished.

Notes
Turn   | Place    | Note
-------+----------+-------------------------------------------
     0 | D:1      | firemarshallily the Demonspawn Gladiator began the quest
                  | for the Orb.
     0 | D:1      | Reached XP level 1. HP: 16/16 MP: 1/1
   108 | D:1      | Gained mutation: You are partially covered in slimy green
                  | scales. (AC +2) [demonic ancestry]
   108 | D:1      | Reached XP level 2. HP: 23/23 MP: 2/2
   831 | D:2      | Reached XP level 3. HP: 28/28 MP: 3/3
   953 | D:2      | Reached skill level 1 in Armour
  1227 | D:2      | Gained mutation: You regenerate a little health from kills.
                  | [demonic ancestry]
  1227 | D:2      | Reached XP level 4. HP: 26/35 MP: 4/4
  2286 | D:3      | Gained mutation: You sometimes gain a little power by
                  | taking damage. [demonic ancestry]
  2286 | D:3      | Reached XP level 5. HP: 14/42 MP: 5/5
  2361 | D:3      | Found a snail-covered altar of Cheibriados.
  2502 | D:3      | Found a runed translucent door.
  2504 | D:3      | Noticed booth's ghost (weakling DrAE)
  2547 | D:3      | Found a runed translucent door.
  2670 | D:4      | Noticed Eustachio
  2694 | D:4      | HP: 2/42 [shadow imp[Eustachio] (3)]
  2695 | D:4      | Killed from afar by a shadow imp

Illustrated notes

Levels and vault maps discovered:
D:1:      lemuel_arrival_broad_hall, layout_loops_ring, st_stairs_11,
          skrybe_limestone_x
D:2:      minmay_thinvault, layout_loops_corners, minmay_goblin_outpost
D:3:      layout_rooms, amcnicky_altar_gilded, ebering_ghost_sewer_f,
          cheibrodos_gnoll_hut
D:4:      layout_gridville, serial_library_regret_index_small_wings,
          chequers_mini_garden, uniq_eustachio

Skill      XL: |  1  2  3  4  5 |
---------------+----------------+-----
Axes           | 3 4 |  4.2
Armour         | 1 2 |  2.0
Fighting       | 3 4 |  4.1
Throwing       | |  1.7
Dodging        | |  2.6

Action                     |  1- 3 |  4- 6 || total
---------------------------+-------+-------++-------
  Melee: War axe           |   143 |   122 ||   265
         Punch             |     1 |       ||     1
  Throw: Javelin           |     1 |     5 ||     6
         Boomerang         |       |     6 ||     6
    Use: Potion            |       |     5 ||     5
         Scroll            |       |     2 ||     2
   Stab: Sleeping          |     1 |       ||     1
 Armour: Leather armour    |   100 |       ||   100
         Ring mail         |       |   124 ||   124
  Dodge: Dodged            |   103 |   136 ||   239
